 Dungeon Crawl Stone Soup version 0.27-a0-1149-g4505690ab0 (webtiles) character file.

Game seed: 16008914871826784171

604 Sobieck the Cleaver (level 7, -3/59 HPs)
             Began as a Hill Orc Monk on May 12, 2021.
             Was a Believer of Okawaru.
             Slain by a water moccasin (8 damage)
             ... on level 5 of the Dungeon.
             The game lasted 00:12:58 (6199 turns).

Sobieck the Cleaver (Hill Orc Monk)                 Turns: 6199, Time: 00:12:59

Health: -3/59      AC:  8    Str: 16    XL:     7   Next: 42%
Magic:  5/7        EV: 12    Int: 10    God:    Okawaru [**....]
Gold:   202        SH:  6    Dex: 13    Spells: 6/6 levels left

rFire    . . .     SeeInvis +   a - +0 hand axe {axe}
rCold    . . .     Faith    .   c - +0 buckler
rNeg     . . .     Spirit   .   r - +0 scale mail
rPois    +         Reflect  .   (no helmet)
rElec    .         Harm     .   s - +0 cloak {rPois}
rCorr    .         Rampage  .   (no gloves)
Will     .....                  (no boots)
Stlth    ++........             (no amulet)
HPRegen  0.19/turn              e - ring of poison resistance
MPRegen  0.10/turn              v - ring of see invisible

@: brilliant, heroic, hasted, very quick
A: no striking features
a: Renounce Religion, Heroism


You were on level 5 of the Dungeon.
You worshipped Okawaru.
Okawaru was pleased with you.
You visited 2 branches of the dungeon, and saw 7 of its levels.

You collected 202 gold pieces.


   Skills:
 + Level 4.1(9.1) Fighting
 + Level 9.1(14.1) Axes
 + Level 0.8(5.8) Armour
 - Level 2.4(7.4) Dodging
 - Level 1.5(6.5) Stealth
 - Level 4.0(9.0) Shields
 - Level 1.0 Invocations
 + Level 0.8 Evocations


You had 6 spell levels left.
You didn't know any spells.
Your spell library contained the following spells:

 Spells                   Type           Power      Damage    Failure   Level
 Confusing Touch          Hex            0%         N/A       98%         3
 Gell's Gravitas          Tloc           0%         N/A       98%         3
 Petrify                  Tmut/Erth      0%         N/A       100%        4
 Metabolic Englaciation   Hex/Ice        0%         N/A       100%        5
 Yara's Violent Unravell  Hex/Tmut       0%         3d3       100%        5

Inventory:

Hand Weapons
 a - a +0 hand axe (weapon) {axe}
 b - a +0 hunting sling {sling}
   (You found it on level 1 of the Dungeon)
 f - a +0 mace {mace}
   (You found it on level 1 of the Dungeon)
 u - a +2 vampiric short sword {short}
   (You took it off a kobold on level 4 of the Dungeon)
Missiles
 d - 163 stones {throwing}
 g - 43 poisoned darts (quivered) {throwing}
 k - 13 sling bullets
 p - 74 arrows
 q - 5 javelins {throwing}
Armour
 c - a +0 buckler (worn)
   (You found it on level 1 of the Dungeon)
 r - a +0 scale mail (worn)
   (You found it on level 5 of the Dungeon)
 s - a +0 cloak of poison resistance (worn)
   (You found it on level 5 of the Dungeon)
Jewellery
 e - a ring of poison resistance (left hand)
   (You found it on level 1 of the Dungeon)
 v - a ring of see invisible (right hand)
   (You found it on level 4 of the Dungeon)
Scrolls
 h - 3 scrolls of vulnerability {unknown}
 i - a scroll of immolation {unknown}
 j - 3 scrolls of identify {unknown}
 t - 2 scrolls of blinking {unknown}
 x - a scroll of summoning {unknown}
Potions
 l - a potion of degeneration {unknown}
 m - 2 potions of brilliance
 o - 2 potions of haste {@q3}
 z - a potion of curing {unknown}
 A - a potion of attraction {unknown}

Dungeon Overview and Level Annotations

Branches:
Dungeon (6/15)             Temple (1/1) D:4

Altars:
Ashenzari
Dithmenos
Elyvilon
Fedhas
Okawaru
Ru
Sif Muna
Trog
Uskayaw
Vehumet
Wu Jian
Zin

Annotations:
D:2 1 runed translucent door, Crazy Yiuf
D:4 2 runed translucent doors

#...# #.....##........P.PP
#...# ####............P...
#...###....###.......#P.PP
#...##.....###.......#P.P.P
#...........##........P.P.PP
#...#.......##........P.....
#...#.................PPPPPP
#.####...............###.#.#
#.# #......@S..........#...#
#.# #..............###.###[.
#.# #........<.....###.)...#
#.# ##....................##
#.# ##.............##.#....
#.# ###..............#....
####.# #............##..###
##....# #................# #
##.....##
##................###


You could see a water moccasin.


Message History

😨 HP[+1]
There is a stone staircase leading down here.
You start resting. 😎 HP[+43]
Your hp is fully restored (59).
You climb downwards.
There is a stone staircase leading up here.
(D) Dungeon (T) Temple
Where to? (Enter - D:5, ? - help)
There is a stone staircase leading down here.
You climb downwards.
A water moccasin and a skeleton come into view.
There is a stone staircase leading up here.
The water moccasin barely misses you. The centaur skeleton hits you.
The centaur skeleton kicks you but does no damage.
The water moccasin bites you.
You climb upwards.
There is a stone staircase leading down here. 😕 HP[-7]
You take 7 damage, and now have 52/59 hp.
You closely miss the water moccasin. The water moccasin barely misses you.
You hit the water moccasin.
The water moccasin closely misses you. 😕 HP[+1]
You closely miss the water moccasin. The water moccasin bites you. 😕 HP[-1]
You take 1 damage, and now have 52/59 hp.
You closely miss the water moccasin. The water moccasin barely misses you.
You barely miss the water moccasin. The water moccasin barely misses you.
You block the water moccasin's attack.
You hit the water moccasin but do no damage.
You block the water moccasin's attack.
You hit the water moccasin. The water moccasin bites you. 😕 HP[-3]
You take 3 damage, and now have 49/59 hp.
You slash the water moccasin!
The water moccasin bites you but does no damage. 😕 HP[+1]
You hit the water moccasin but do no damage.
The water moccasin closely misses you.
You barely miss the water moccasin. The water moccasin bites you. 😕 HP[-3]
You take 3 damage, and now have 47/59 hp.
You hit the water moccasin. The water moccasin closely misses you.
The water moccasin barely misses you.
You hit the water moccasin. The water moccasin closely misses you.
You barely miss the water moccasin. The water moccasin closely misses you.
You closely miss the water moccasin. The water moccasin bites you. 😮 HP[-5]
You take 5 damage, and now have 42/59 hp.
You barely miss the water moccasin. The water moccasin bites you. 😮 HP[-4]
You take 4 damage, and now have 38/59 hp.
You closely miss the water moccasin. The water moccasin barely misses you.
You closely miss the water moccasin. The water moccasin bites you. x2
* * * LOW HITPOINT WARNING * * *
😨 HP[-10]
You take 10 damage, and now have 28/59 hp.
You hit the water moccasin but do no damage.
The water moccasin bites you.
* * * LOW HITPOINT WARNING * * *
😨 HP[-6]
You take 6 damage, and now have 22/59 hp.
You closely miss the water moccasin. The water moccasin closely misses you.
Unknown command.
You hit the water moccasin. The water moccasin bites you.
* * * LOW HITPOINT WARNING * * *
You block the water moccasin's attack. 😨 HP[-3]
You take 3 damage, and now have 19/59 hp.
You miss the water moccasin. The water moccasin barely misses you.
You hit the water moccasin but do no damage.
The water moccasin bites you.
* * * LOW HITPOINT WARNING * * *
😨 HP[-4]
You take 4 damage, and now have 15/59 hp.
You hit the water moccasin but do no damage.
The water moccasin bites you.
* * * LOW HITPOINT WARNING * * *
😱 HP[-3]
You take 3 damage, and now have 12/59 hp.
You hit the water moccasin but do no damage.
The water moccasin bites you but does no damage.
It was a potion of brilliance.
You feel clever all of a sudden. The water moccasin barely misses you.
The water moccasin bites you.
* * * LOW HITPOINT WARNING * * *
😱 HP[-5]
You take 5 damage, and now have 7/59 hp.
It was a potion of haste.
You feel yourself speed up. The water moccasin bites you.
* * * LOW HITPOINT WARNING * * *
You hit the water moccasin. The water moccasin bites you.
* * * LOW HITPOINT WARNING * * *
😱 HP[-2]
You take 2 damage, and now have 5/59 hp.
You miss the water moccasin. The water moccasin misses you.
Okay, then.
You gain the combat prowess of a mighty hero.
The water moccasin bites you!
You die...

Skill      XL: |  1  2  3  4  5  6  7 |
---------------+----------------------+-----
Fighting       | 4 |  4.1
Shields        | 1 2 3 4 |  4.0
Axes           | 5 6 8 9 |  9.1
Invocations    | 1 |  1.0
Armour         | |  0.8
Dodging        | |  2.4
Stealth        | |  1.5
Evocations     | |  0.8

Action                   |  1- 3 |  4- 6 |  7- 9 || total
-------------------------+-------+-------+-------++-------
Melee: Hand axe          |    97 |   137 |    36 ||   270
 Fire: Hunting sling     |    40 |    92 |     1 ||   133
Throw: Dart              |       |       |    12 ||    12
Invok: Heroism           |       |       |     1 ||     1
  Use: Potion            |       |       |     2 ||     2
Armor: Robe              |    14 |     1 |       ||    15
       Ring mail         |       |     8 |       ||     8
       Scale mail        |       |    23 |     3 ||    26
Dodge: Dodged            |    49 |    63 |    21 ||   133
Block: Buckler           |    15 |    31 |     6 ||    52

Levels and vault maps discovered:
D:1:      saegor_arrival_simple_b, layout_basic,
          shapermc_ecumenical_altar_mp_urbaneastern
D:2:      layout_basic, uniq_crazy_yiuf_cottage
D:3:      layout_loops_corners, kennysheep_generic_room_5
D:4:      layout_cave_pools, jmf_multi_god_temple2,
          minmay_temple_entry_gardened_gates
D:5:      layout_rooms, lemuel_tele_altar, vehumet_statue,
          kennysheep_little_box, minmay_hedge_maze
D:6:      layout_basic
Temple:   dpeg_chambers_temple

Notes
Turn   | Place    | Note
-------+----------+-------------------------------------------
     0 | D:1      | Sobieck the Hill Orc Monk began the quest for the Orb.
     0 | D:1      | Reached XP level 1. HP: 19/19 MP: 1/1
     0 | D:1      | magus.rc [v1.9.6]
   167 | D:1      | Reached XP level 2. HP: 13/27 MP: 2/2
   173 | D:1      | You pick up a book of Misfortune and begin reading...
   173 | D:1      | You add the spells Confusing Touch, Gell's Gravitas,
                  | Petrify, Metabolic Englaciation and Yara's Violent
                  | Unravelling to your library.
   381 | D:1      | Found a faded altar of an unknown god.
   476 | D:1      | Reached skill level 4 in Fighting
   476 | D:1      | Reached skill level 1 in Shields
   904 | D:1      | Reached XP level 3. HP: 33/33 MP: 3/3
  1436 | D:2      | Reached skill level 2 in Shields
  1594 | D:2      | Reached skill level 5 in Axes
  1786 | D:2      | Reached XP level 4. HP: 27/40 MP: 4/4
  2383 | D:2      | Found a runed translucent door.
  2384 | D:2      | Noticed Crazy Yiuf
  2755 | D:5      | Entered Level 5 of the Dungeon
  2785 | D:5      | Reached skill level 3 in Shields
  2828 | D:5      | Reached XP level 5. HP: 44/46 MP: 5/5
  2849 | D:5      | Noticed a necrophage
  2871 | D:5      | HP: 8/41 [necrophage (3)]
  2877 | D:5      | Killed a necrophage
  2878 | D:5      | Reached skill level 6 in Axes
  2878 | D:5      | Reached skill level 4 in Shields
  2878 | D:5      | Reached XP level 6. HP: 9/52 MP: 6/6
  3146 | D:5      | Reached skill level 7 in Axes
  3377 | D:4      | Found a staircase to the Ecumenical Temple.
  3405 | Temple   | Entered the Ecumenical Temple
  3580 | Temple   | Became a worshipper of Warmaster Okawaru
  3580 | Temple   | Reached * piety under Okawaru
  3580 | Temple   | Reached ** piety under Okawaru
  4874 | D:4      | Found a large runed translucent door.
  4874 | D:4      | Found a large runed translucent door.
  4882 | D:4      | Reached skill level 8 in Axes
  5004 | D:4      | Reached XP level 7. HP: 41/59 MP: 7/7
  5125 | D:4      | Reached skill level 9 in Axes
  5830 | D:5      | Found a radiant altar of Vehumet.
  5908 | D:4      | HP: 10/59 [ogre/+0 giant club (24)]
  5913 | D:4      | Reached skill level 1 in Invocations
  6193 | D:5      | HP: 12/59 [water moccasin (3)]
  6197 | D:5      | HP: 5/59 [water moccasin (2)]
  6199 | D:5      | Slain by a water moccasin

Vanquished Creatures
  A necrophage (D:5)
  An ogre (D:4)
  3 scorpions
  2 hounds
  2 iguanas
  5 adders
  A white imp (D:5)
  2 worms
  3 dart slugs
  3 orcs
  4 endoplasms
  4 giant cockroaches
  9 goblins
  11 hobgoblins
  2 jackals (D:2)
  2 quokkas (D:1)
  5 ball pythons
  6 bats
  4 frilled lizards
  10 kobolds
  7 rats
87 creatures vanquished.

Vanquished Creatures (others)
  A fungus (D:1)
  2 plants
3 creatures vanquished.

Grand Total: 90 creatures vanquished

Table legend:
 A = Non-vault XP
 B = Vault XP
 C = Vault XP percentage of total XP
 D = Non-vault monster count
 E = Vault monster count
 F = Vault count percentage of total count
                 A         B        C        D         E       F
            +---------+---------+-------+---------+---------+-------
      Total |     847 |      17 |   2.0 |      84 |       3 |   3.4
            +---------+---------+-------+---------+---------+-------
        D:1 |      39 |       0 |   0.0 |      23 |       0 |   0.0
        D:2 |      57 |       0 |   0.0 |      22 |       0 |   0.0
        D:3 |      59 |      17 |  22.4 |      21 |       3 |  12.5
        D:4 |     391 |       0 |   0.0 |      13 |       0 |   0.0
        D:5 |     301 |       0 |   0.0 |       5 |       0 |   0.0
            +---------+---------+-------+---------+---------+-------

Illustrated notes

Table legend:
 A = Kills in this place as a percentage of kills in entire the game.
 B = Kills by you in this place as a percentage of kills by you in the entire game.
 C = Kills by friends in this place as a percentage of kills by friends in the entire game.
 D = Other kills in this place as a percentage of other kills in the entire game.
 E = Experience gained in this place as a percentage of experience gained in the entire game.
 F = Experience gained in this place divided by the number of levels of this place that you have seen.
                   A       B       C       D       E      F
               +-------+-------+-------+-------+-------+----------------------
         Total | 100.0 | 100.0 |   N/A |   N/A | 100.0 | 123.4
       Dungeon | 100.0 | 100.0 |   N/A |   N/A | 100.0 | 144.0
               +-------+-------+-------+-------+-------+----------------------

Table legend: (Time is in decaauts)
 A = Elapsed time spent in this place.
 B = Non-inter-level travel time spent in this place.
 C = Inter-level travel time spent in this place.
 D = Time resting spent in this place.
 E = Time spent auto-exploring this place.
 F = Levels seen in this place.
 G = Mean time per level.
                   A        B        C        D        E       F      G
               +--------+--------+--------+--------+--------+-----+--------+
         Total |   6210 |   5852 |    358 |   1450 |   3239 |   7 |  887.1 |
       Dungeon |   6014 |   5677 |    337 |   1450 |   3068 |   6 | 1002.3 |
        Temple |    196 |    175 |     21 |      0 |    171 |   1 |  196.0 |
               +--------+--------+--------+--------+--------+-----+--------+

Top non-repeatable levels by time:
     D:2: 1439 daAuts
     D:4: 1302 daAuts
     D:1: 1150 daAuts
     D:3: 1110 daAuts
     D:5: 995 daAuts
  Temple: 196 daAuts
     D:6: 16 daAuts
